Map: 凯罗斯中转站-天梯版

Players

puCK (Nina) - Winner!

  • Race: Protoss Protoss

Crimson

  • Race: Zerg Zerg
  • League: Master

Event: WESG 2018 Grand Finals

VOD

Have the link to the VOD?

Description

Time

  • Played on: March 11, 2019, 6:18 a.m.
  • Length: 16:10

All games in this series

Show
View Real Time Build Order
Export as new Build Order

puCK Protoss - Winner!

Build Orders: Oracle Opening, Chargelot Immortal 

Get SALT Encoding   

  12  0:00  Probe  
  13  0:12  Probe  
  14  0:19  Pylon  
  14  0:21  Probe  
  15  0:33  Probe  
  15  0:41  Gateway  
  16  0:44  Probe  
  17  0:51  Assimilator  
  17  0:56  Probe  
  18  1:08  Probe  
  19  1:20  Zealot  
  19  1:22  Probe  
  19  1:25  Pylon  
  20  1:28  Pylon  
  22  1:37  Cybernetics Core  
  22  1:41  Probe  
  23  1:48  Pylon  
  23  1:53  Probe  
  24  2:03  Assimilator  
  24  2:05  Adept, Probe  
  27  2:17  Probe  
  28  2:29  Probe  
  29  2:41  Probe  
  29  2:43  Stargate  
  30  2:52  Nexus  
  30  2:54  Warp Gate  
  30  2:55  Probe  
  31  2:59  Pylon  
  31  3:06  Pylon  
  31  3:17  Probe  
  31  3:18  Oracle  
  32  3:20  Adept  
  34  3:29  Probe  
  38  3:41  Probe  
  38  3:47  Oracle  
  39  3:53  Probe  
  41  4:02  Gateway  
  41  4:06  Probe x2  
  41  4:07  Adept  
  45  4:18  Probe x2  
  47  4:24  Oracle  
  47  4:25  Pylon  
  47  4:30  Probe  
  47  4:31  Probe, Gateway  
  52  4:42  Probe  
  52  4:43  Probe  
  54  4:54  Probe  
  54  4:55  Adept, Probe  
  58  5:01  Phoenix  
  58  5:03  Nexus  
  58  5:06  Adept, Probe  
  63  5:08  Probe  
  64  5:18  Pylon  
  64  5:19  Pylon, Probe  
  65  5:24  Adept  
  65  5:28  Adept  
  69  5:32  Probe  
  70  5:36  Probe, Robotics Facility  
  70  5:38  Assimilator  
  70  5:40  Assimilator  
  70  5:41  Zealot  
  73  5:44  Probe  
  73  5:48  Probe  
  75  5:52  Robotics Facility  
  75  5:56  Probe  
  74  6:05  Probe  
  74  6:08  Probe  
  66  6:15  Twilight Council  
  66  6:16  Forge  
  66  6:17  Probe  
  67  6:20  Probe  
  67  6:24  Probe  
  73  6:25  Immortal  
  73  6:29  Probe  
  73  6:32  Probe  
  75  6:36  Probe  
  75  6:37  Assimilator  
  75  6:39  Adept x3  
  82  6:41  Assimilator  
  82  6:42  Probe  
  82  6:44  Protoss Ground Weapons Level 1, Probe  
  84  6:48  Probe  
  84  6:54  Probe, Charge  
  86  6:56  Probe  
  86  7:00  Pylon, Probe  
  86  7:01  Zealot x3  
  94  7:08  Immortal  
  98  7:10  Oracle  
  101  7:18  Probe  
  101  7:21  Zealot  
  101  7:22  Immortal  
  108  7:24  Probe  
  109  7:35  Templar Archives  
  109  7:39  Pylon  
  109  7:40  Pylon  
  109  7:43  Shield Battery  
  109  7:44  Pylon  
  109  7:50  Pylon, Oracle  
  109  7:52  Observer  
  109  7:54  Pylon  
  109  7:56  Observer  
  109  7:57  Probe x3  
  116  8:00  Gateway x2  
  116  8:02  Psionic Storm  
  117  8:09  Probe  
  117  8:12  Pylon  
  118  8:17  High Templar x2, Gateway, Pylon  
  118  8:19  Shield Battery  
  122  8:21  Shield Battery  
  122  8:28  Immortal  
  126  8:36  Phoenix  
  122  8:51  Nexus  
  122  8:52  Pylon  
  122  8:54  Pylon  
  122  8:57  Immortal  
  122  9:00  Zealot x3  
  122  9:01  Oracle  
  132  9:13  Zealot x3  
  117  9:26  Zealot x3  
  117  9:29  Immortal  
  123  9:32  Probe  
  123  9:37  High Templar x3  
  123  9:38  Photon Cannon, Oracle  
  133  9:40  Photon Cannon  
  133  9:53  Immortal  
  135  10:06  High Templar x2  
  139  10:08  Immortal  
  139  10:11  Archon  
  141  10:32  Zealot x2, Immortal, High Templar x2  
  149  10:36  Protoss Ground Weapons Level 2  
  149  10:37  Gateway x2  
  149  10:39  Gateway  
  149  10:41  Probe  
  149  10:42  Probe, Gateway  
  151  10:43  Assimilator  
  151  10:45  Probe, Assimilator  
  151  10:46  Probe  
  151  10:48  Immortal  
  151  11:02  Probe  
  152  11:08  High Templar x3  
  152  11:11  Probe x2  
  160  11:15  Photon Cannon  
  160  11:18  Photon Cannon x2  
  151  11:20  High Templar x2  
  151  11:21  Photon Cannon  
  151  11:24  Zealot  
  151  11:25  Shield Battery  
  157  11:32  Gateway  
  157  11:33  Observer, Gateway, Immortal  
  157  11:34  Pylon  
  157  11:36  Pylon  
  162  11:43  Zealot  
  162  11:44  Zealot x5  
  144  12:01  Archon  
  144  12:03  High Templar x3  
  144  12:06  Zealot x4  
  144  12:07  Archon  
  140  12:17  Immortal  
  144  12:31  Immortal  
  148  12:40  High Templar x2  
  148  12:41  High Templar x2  
  152  12:45  Gateway  
  152  12:46  Gateway  
  144  12:56  Immortal  
  144  12:57  Zealot x8  
  164  12:59  Protoss Ground Weapons Level 3  
  152  13:14  Blink  
  146  13:32  High Templar x4  
  152  13:39  Immortal  
  156  13:43  Probe  
  151  14:06  Nexus  
  151  14:12  Nexus  
  147  14:17  Zealot  
  147  14:18  Zealot x11  
  147  14:19  Zealot  
  173  14:25  Pylon  
  173  14:32  Photon Cannon  
  173  14:34  Stalker  
  175  14:39  Pylon  
  175  14:41  Pylon  
  133  15:15  Fleet Beacon  
  133  15:17  Stargate, Immortal x2  
  133  15:18  Stargate  
  136  15:23  Zealot x5  
  136  15:24  Zealot x7  
  155  15:37  High Templar x2  
  159  15:48  Zealot x10  
  159  15:49  Zealot  
  169  15:59  Photon Cannon  
  169  16:00  Photon Cannon  
  163  16:05  Photon Cannon  
Show
View Real Time Build Order
Export as new Build Order

Crimson Zerg 

Build Orders: Hatch First, Swarm Host 

Get SALT Encoding   

  12  0:00  Drone  
  13  0:12  Overlord  
  13  0:17  Drone  
  14  0:31  Drone x2  
  16  0:53  Hatchery  
  16  0:54  Drone  
  16  0:58  Drone  
  16  1:01  Drone  
  18  1:13  Extractor  
  18  1:17  Spawning Pool  
  16  1:19  Drone  
  16  1:22  Drone  
  18  1:31  Drone  
  19  1:42  Overlord  
  19  2:06  Queen, Drone  
  22  2:09  Hatchery  
  22  2:13  Zergling x2  
  22  2:28  Metabolic Boost  
  24  2:33  Zergling x2  
  25  2:42  Drone  
  25  2:43  Drone  
  25  2:44  Queen  
  25  2:50  Drone  
  29  2:58  Drone  
  29  3:04  Hatchery  
  28  3:07  Zergling x2  
  29  3:15  Overlord  
  29  3:28  Drone x4  
  29  3:31  Queen  
  35  3:37  Drone  
  35  3:40  Spore Crawler  
  35  3:45  Spore Crawler  
  33  3:51  Spore Crawler  
  33  3:52  Drone  
  33  3:56  Drone  
  33  3:57  Drone  
  33  4:01  Drone x2  
  33  4:02  Drone  
  38  4:08  Spore Crawler  
  37  4:13  Drone  
  37  4:14  Drone  
  39  4:19  Drone x2  
  41  4:33  Drone x4  
  41  4:36  Zergling x4  
  46  4:39  Drone x3  
  49  4:45  Overlord  
  49  4:54  Overlord  
  49  4:56  Drone  
  50  5:03  Queen  
  50  5:05  Lair  
  50  5:06  Drone x6  
  58  5:12  Overlord  
  58  5:13  Overlord  
  58  5:15  Zergling x2  
  58  5:17  Queen  
  58  5:19  Zergling x2  
  62  5:21  Zergling x4  
  62  5:27  Extractor  
  63  5:29  Extractor  
  63  5:30  Roach Warren  
  63  5:31  Zergling x4  
  63  5:34  Drone  
  64  5:42  Queen  
  65  5:50  Drone x2  
  65  5:51  Drone x2  
  65  5:52  Queen  
  70  6:03  Drone x4  
  62  6:05  Drone  
  62  6:09  Drone  
  63  6:15  Extractor  
  63  6:16  Glial Reconstitution  
  63  6:18  Infestation Pit  
  61  6:19  Evolution Chamber, Drone x4  
  61  6:25  Drone x2  
  66  6:29  Drone  
  66  6:31  Drone  
  66  6:34  Drone  
  66  6:38  Drone  
  68  6:41  Drone  
  68  6:43  Extractor  
  68  6:44  Extractor  
  63  6:59  Drone x3  
  63  7:00  Drone x3  
  68  7:01  Drone  
  68  7:02  Drone x2, Zerg Missile Weapons Level 1  
  70  7:10  Overlord x2  
  70  7:20  Overlord  
  70  7:21  Drone  
  70  7:22  Drone  
  72  7:23  Roach  
  72  7:29  Overlord, Swarm Host  
  74  7:30  Swarm Host x4  
  89  7:39  Swarm Host x3  
  98  7:46  Overlord  
  98  7:47  Overlord x2  
  98  7:48  Swarm Host x2  
  104  7:55  Overlord  
  104  8:02  Overlord  
  104  8:07  Swarm Host x5  
  104  8:11  Swarm Host x2  
  125  8:16  Roach x2  
  129  8:21  Roach x2  
  133  8:28  Roach x2  
  133  8:29  Roach x2  
  133  8:34  Roach x2  
  145  8:40  Roach  
  146  8:42  Overlord x2  
  146  8:46  Overlord x2  
  146  8:47  Drone  
  144  8:54  Roach  
  142  9:09  Drone x2  
  137  9:10  Hydralisk Den  
  130  9:20  Zerg Missile Weapons Level 2  
  130  9:22  Drone x3  
  127  9:27  Hatchery  
  127  9:28  Overlord  
  120  9:39  Grooved Spines, Hydralisk  
  120  9:40  Hydralisk x7  
  136  9:47  Overlord  
  136  9:49  Hydralisk x2  
  140  10:00  Hydralisk x4  
  140  10:03  Hydralisk  
  140  10:05  Hydralisk  
  140  10:06  Hydralisk  
  154  10:27  Hydralisk x6  
  163  10:34  Hydralisk x3  
  167  10:40  Hydralisk x2  
  171  10:46  Hydralisk x2  
  175  10:51  Muscular Augments  
  175  10:52  Swarm Host  
  175  10:53  Swarm Host x2  
  173  10:58  Overlord  
  173  11:01  Hydralisk x2  
  173  11:04  Hydralisk  
  168  11:11  Swarm Host x3  
  179  11:19  Swarm Host  
  179  11:20  Swarm Host x2  
  188  11:27  Hydralisk  
  188  11:28  Roach x2  
  188  11:45  Roach x2  
  188  11:46  Roach x2  
  192  11:52  Roach  
  186  11:59  Roach x11  
  164  12:04  Hydralisk x2  
  168  12:10  Roach x2  
  168  12:15  Hydralisk x2  
  160  12:24  Hydralisk x4  
  160  12:36  Hydralisk x4  
  145  13:12  Hatchery  
  138  13:13  Hydralisk x2  
  138  13:14  Hydralisk x2  
  126  13:27  Hydralisk  
  126  13:28  Hydralisk x3  
  132  13:34  Hydralisk x4  
  140  13:43  Hydralisk x4  
  146  13:53  Hydralisk  
  146  13:54  Hydralisk x3  
  154  14:02  Hydralisk x4  
  160  14:09  Hydralisk x4  
  154  14:14  Hydralisk x3  
  158  14:17  Hydralisk  
  158  14:23  Hydralisk x2  
  164  14:29  Hydralisk x2  
  164  14:41  Hydralisk  
  164  14:42  Hydralisk x3  
  146  15:05  Hydralisk x9  
  150  15:11  Swarm Host x2  
  148  15:16  Hydralisk  
  150  15:22  Hydralisk x3  
  150  15:34  Hydralisk x2  
  150  15:35  Hydralisk x2  
  158  15:40  Hydralisk x2  
Tags
 
Add a new tag
Caveats
  • Supply blocks, unpowered buildings, or Contaminate may cause inaccurate times.
  • Supply counts are checked every 10 seconds.